AoeStats
← Spatana2177

Black Forest

504577255Analyzed
4v4 RM · 28d ago on Sep 5, 2026· 46m 23s· 8 players
Game mode
Random Map
Map size
Large (8 player)
Population
200
Speed
Normal
Resources
Standard
Victory
Conquest
Starting age
Dark Age
Ending age
Imperial Age
RankedLock teamsTeams togetherTeam positionsShared explorationLock speedFull tech treeHidden civsTurbo modeCheats
Victory
Defeat
🇩🇪 Britons · Germany
1366
+10
🇩🇪 Teutons · Germany
1304
+13
🇩🇪 Teutons · Germany
1258
+15
🇩🇪 Bohemians · Germany
1249
+15
🇩🇪 Bohemians · Germany
1248
-14
🇲🇽 Goths · Mexico
1244
-14
🇨🇴 Britons · Colombia
1239
-13
🇩🇪 Khmer · Germany
1195
-12
Jarrymo
0:44 Loom
12:10 Feudal Age
16:19 Castle Age
14:54 Double-Bit Axe
15:42 Horse Collar
19:40 Bow Saw
20:25 Fervor
21:31 Heavy Plow
22:29 Wheelbarrow
22:47 Town Watch
25:20 Sanctity
25:28 Town Patrol
29:57 Imperial Age
26:51 Elite Skirmisher
28:01 Padded Archer Armor
28:02 Scale Mail Armor
28:37 Squires
29:03 Leather Archer Armor
29:20 Forging
30:23 Chemistry
29:44 Ballistics
28:48 Pikeman
30:37 Chain Mail Armor
30:42 Masonry
30:12 Treadmill Crane
32:06 Conscription
32:21 Halberdier
33:35 Fortified Wall
35:02 Wagenburg Tactics
36:16 Houfnice
rdy2run ツ
0:26 Loom
13:06 Feudal Age
13:31 Horse Collar
13:39 Double-Bit Axe
18:17 Castle Age
25:31 Fervor
27:23 Heavy Plow
34:30 Imperial Age
33:57 Husbandry
34:08 Bloodlines
34:53 Scale Barding Armor
35:10 Ballistics
34:39 Elite Ballista Elephant
35:41 Conscription
35:54 Chain Barding Armor
36:41 Chemistry
36:16 Caravan
37:54 Plate Barding Armor
37:28 Double Crossbow
37:39 Siege Engineers
46:32 Bow Saw
Morfeo
0:31 Loom
11:11 Feudal Age
12:18 Double-Bit Axe
12:54 Horse Collar
15:46 Castle Age
15:06 Wheelbarrow
17:00 Bow Saw
20:35 Pikeman
32:16 Imperial Age
30:15 Squires
30:10 Town Watch
32:24 Hand Cart
33:27 Halberdier
34:42 Conscription
34:33 Scale Mail Armor
34:44 Forging
36:17 Chain Mail Armor
35:54 Fletching
37:41 Anarchy
39:36 Iron Casting
41:53 Blast Furnace
41:29 Man-at-Arms
43:06 Caravan
43:39 Perfusion
43:56 Long Swordsman
44:47 Two-Handed Swordsman
45:26 Champion
ALEJO7918
1:06 Loom
11:17 Feudal Age
12:03 Double-Bit Axe
15:33 Fletching
21:27 Castle Age
29:21 Bodkin Arrow
31:44 Padded Archer Armor
35:38 Leather Archer Armor
37:01 Squires
40:24 Pikeman
42:01 Yeomen
Zufällig
2:19 Loom
11:37 Feudal Age
13:35 Double-Bit Axe
14:00 Horse Collar
17:06 Castle Age
17:53 Forging
17:48 Scale Barding Armor
21:14 Bloodlines
24:12 Wheelbarrow
23:40 Heavy Plow
25:15 Fervor
28:55 Hand Cart
30:30 Bow Saw
34:38 Imperial Age
33:11 Ironclad
33:26 Scale Mail Armor
33:30 Squires
33:18 Gambesons
33:20 Arson
35:05 Iron Casting
34:46 Chain Mail Armor
34:48 Caravan
35:26 Coinage
35:50 Crop Rotation
35:59 Conscription
35:05 Capped Ram
35:17 Cavalier
37:29 Two-Man Saw
37:49 Blast Furnace
37:19 Plate Mail Armor
37:44 Chain Barding Armor
37:13 Elite Teutonic Knight
39:26 Paladin
42:10 Banking
41:50 Guilds
41:49 Gold Mining
41:50 Stone Mining
42:48 Crenellations
43:05 Plate Barding Armor
43:32 Chemistry
45:15 Hoardings
44:10 Sappers
KIV.Käpsele
0:47 Loom
13:04 Feudal Age
16:53 Castle Age
14:45 Double-Bit Axe
15:45 Horse Collar
16:49 Stone Mining
16:59 Gold Mining
19:31 Town Watch
20:31 Wheelbarrow
23:37 Bow Saw
30:55 Imperial Age
29:17 Gold Shaft Mining
29:07 Fletching
29:57 Hand Cart
30:25 Crossbowman
31:08 Arbalester
32:19 Caravan
32:27 Bodkin Arrow
34:04 Ballistics
34:42 Bracer
35:45 Chemistry
35:07 Siege Engineers
37:34 Onager
39:50 Warwolf
40:13 Yeomen
40:14 Conscription
40:48 Town Patrol
40:52 Padded Archer Armor
43:06 Scale Barding Armor
43:11 Forging
43:16 Light Cavalry
43:16 Cavalier
43:57 Husbandry
45:58 Chain Barding Armor
Spatana2177
6:24 Loom
11:17 Feudal Age
12:24 Double-Bit Axe
12:24 Horse Collar
15:13 Castle Age
16:34 Bow Saw
19:10 Fervor
20:15 Sanctity
25:48 Chemistry
28:33 Imperial Age
26:49 Wheelbarrow
26:31 Fletching
26:42 Padded Archer Armor
26:55 Forging
27:05 Heavy Plow
28:41 Ballistics
28:51 Houfnice
30:05 Masonry
30:18 Leather Archer Armor
34:27 Ring Archer Armor
33:53 Bodkin Arrow
34:35 Iron Casting
KIV.Master Dj
0:50 Loom
11:41 Feudal Age
13:14 Double-Bit Axe
16:48 Fletching
20:30 Stone Mining
27:50 Castle Age
28:14 Wheelbarrow
28:27 Bodkin Arrow
37:08 Imperial Age
34:50 Gold Mining
37:49 Padded Archer Armor
39:35 Chemistry
40:14 Bow Saw
42:56 Elite Skirmisher
44:57 Guard Tower
44:52 Arrowslits
Connection lost

Rejoining the realm…

Still unreachable

The connection could not be restored.

Session expired

The server has moved on; the page needs a fresh start.